Map: Terrasses de Prion

Players

pupu - Winner!

  • Race: Protoss Protoss
  • League: Silver

Nicos

  • Race: Terran Terran
  • League: Bronze

VOD

Have the link to the VOD?

Description

Time

  • Played on: April 7, 2016, 10:54 a.m.
  • Length: 7:45
Show
View Real Time Build Order
Export as new Build Order

pupu Protoss - Winner!

Build Orders:  

Get SALT Encoding   

  12  0:01  Probe (Chrono Boost)  
  13  0:11  Probe (Chrono Boost)  
  14  0:19  Pylon  
  14  0:22  Probe (Chrono Boost)  
  15  0:37  Probe (Chrono Boost)  
  15  0:39  Gateway  
  16  0:48  Probe (Chrono Boost), Assimilator  
  17  0:58  Probe (Chrono Boost)  
  17  1:01  Assimilator  
  18  1:08  Pylon  
  18  1:13  Probe (Chrono Boost)  
  19  1:34  Cybernetics Core  
  19  1:37  Probe (Chrono Boost), Pylon  
  20  1:40  Zealot  
  22  1:47  Probe (Chrono Boost)  
  23  1:57  Pylon  
  23  1:58  Probe (Chrono Boost)  
  24  2:13  Warp Gate (Chrono Boost)  
  24  2:21  Nexus  
  24  2:24  Probe  
  25  2:36  Twilight Council  
  25  2:37  Probe  
  26  2:49  Probe  
  27  2:57  Gateway  
  27  3:06  Robotics Facility  
  27  3:07  Probe  
  28  3:17  Gateway  
  29  3:20  Probe  
  29  3:32  Charge (Chrono Boost), Mothership Core  
  31  3:37  Probe  
  32  3:51  Pylon  
  32  3:54  Probe, Gateway  
  33  3:56  Probe  
  34  4:08  Warp Prism (Chrono Boost)  
  30  4:31  Stalker x2  
  34  4:40  Probe  
  34  4:41  Probe  
  36  4:47  Pylon  
  36  4:50  Pylon  
  36  4:54  Probe x2  
  36  4:58  Pylon  
  38  5:06  Probe  
  38  5:19  Forge  
  37  5:23  Pylon  
  37  5:30  Zealot x4  
  45  5:46  Probe x2  
  47  5:54  Gateway  
  47  5:58  Photon Cannon  
  47  6:01  Photon Cannon  
  47  6:02  Photon Cannon  
  45  6:04  Photon Cannon  
  45  6:05  Photon Cannon  
  45  6:08  Photon Cannon  
  39  6:19  Zealot  
  39  6:20  Zealot x3  
  45  6:44  Zealot x4  
  45  7:05  Zealot x3  
  45  7:06  Zealot  
  47  7:28  Zealot x3  
  47  7:29  Zealot  
Show
View Real Time Build Order
Export as new Build Order

Nicos Terran 

Build Orders: MMM Bio 

Get SALT Encoding   

  12  0:01  SCV  
  13  0:13  SCV  
  14  0:20  Supply Depot  
  14  0:30  SCV  
  15  0:42  SCV  
  16  0:43  Barracks  
  16  1:00  Barracks, SCV  
  16  1:03  Refinery  
  17  1:12  SCV  
  17  1:16  Supply Depot  
  18  1:19  Refinery  
  18  1:24  SCV  
  19  1:31  Marine  
  20  1:37  SCV  
  21  1:49  Marine, SCV  
  21  1:50  Barracks Tech Lab  
  23  1:56  Engineering Bay  
  23  2:01  SCV  
  24  2:16  SCV  
  24  2:18  Barracks Tech Lab  
  24  2:19  Reaper  
  26  2:25  Missile Turret  
  26  2:29  Missile Turret  
  26  2:35  SCV  
  27  2:37  Missile Turret  
  27  2:40  Reaper  
  27  2:43  Stimpack  
  28  2:58  Reaper  
  28  3:00  Orbital Command  
  29  3:12  Marine  
  29  3:15  Supply Depot  
  30  3:20  Concussive Shells  
  30  3:30  Marine  
  31  3:37  Marauder  
  31  3:38  Supply Depot  
  33  3:49  Marine  
  34  3:58  Marine  
  34  3:59  Command Center  
  35  4:43  Marine x2  
  37  4:49  Hi-Sec Auto Tracking  
  37  4:50  Factory  
  37  5:01  Marine x2  
  37  5:02  Supply Depot  
  39  5:18  Marine x2  
  38  5:23  Combat Shields  
  38  5:25  Supply Depot  
  38  5:37  Marauder x2  
  42  5:43  Starport, Factory Tech Lab  
  42  5:53  SCV  
  43  5:58  Marine x2  
  43  6:04  Armory  
  43  6:05  SCV  
  40  6:16  Marauder  
  40  6:18  Marauder, SCV  
  45  6:23  Starport Reactor  
  45  6:30  Starport, SCV  
  46  6:37  Marauder  
  46  6:39  Marauder  
  49  6:42  SCV  
  49  6:59  Marauder  
  49  7:01  Marauder  
  43  7:07  Viking, Medivac  
  42  7:10  SCV  
  39  7:19  Marine  
  39  7:22  Marine, SCV  
Tags
 
Add a new tag
Caveats
  • Supply blocks, unpowered buildings, or Contaminate may cause inaccurate times.
  • Supply counts are checked every 10 seconds.